 Dungeon Crawl Stone Soup version 0.28-a0-938-gbc3f381ebc (webtiles) character file.

Game seed: 10218765004648056542

49 freelancePsychic the Magician (level 4, -10/32 HPs)
             Began as a Djinni Necromancer on Nov 29, 2021.
             Killed by divine providence
             ... invoked by an orc priest
              (16 damage)
             ... on level 3 of the Dungeon.
             The game lasted 00:04:25 (3338 turns).

freelancePsychic the Magician (Djinni Necromancer)  Turns: 3338, Time: 00:04:26

Health: -10/32     AC:  2    Str:  7    XL:     4   Next: 1%
Gold:   120        EV: 12    Int: 18    God:
                   SH:  0    Dex: 13

rFire   + + .      SeeInvis .   (no weapon)
rCold   x . .      Faith    .   (no shield)
rNeg    . . .      Spirit   .   a - +0 robe
rPois   ∞          Reflect  .   (no helmet)
rElec   .          Harm     .   (no cloak)
rCorr   .          Rampage  .   (no gloves)
Will    .....                   (boots unavailable)
Stlth   ++........              (no amulet)
HPRegen 0.10/turn               (no ring)
MPRegen 0.00/turn               (no ring)

@: flying
A: sickness immunity, fire resistance 2, cold vulnerability 1, float, innate
caster, hp casting, extra vitality 1
a: no special abilities


You were on level 3 of the Dungeon.
You visited 1 branch of the dungeon, and saw 3 of its levels.

You collected 120 gold pieces.

Inventory:

Missiles
 d - 25 stones
Armour
 a - a +0 robe (worn)
 c - a +0 buckler
Scrolls
 b - a scroll of fog {unknown}
 e - 2 scrolls of enchant armour


   Skills:
 + Level 1.6 Fighting
 - Level 2.1 Dodging
 - Level 1.5 Stealth
 * Level 3.9 Spellcasting


You couldn't memorise any spells.
You knew the following spells:

 Your Spells              Type           Power      Damage    Failure   Level
a - Sandblast             Erth           34%        2d9       3%          1
b - Animate Skeleton      Necr           34%        N/A       3%          1
c - Vampiric Draining     Necr           17%        2d7       9%          3
d - Animate Dead          Necr           8%         N/A       28%         4
e - Agony                 Necr           17%        N/A       63%         5
f - Pain                  Necr           68%        1d7       3%          1
Your spell library was empty.

Dungeon Overview and Level Annotations

Branches:
Dungeon (3/15)

Altars:
Gozag
Kikubaaqudgha

Shops:
D:3 *


Innate Abilities, Weirdness & Mutations

You are immune to sickness and miasma.
You are immune to poison.
Your flesh is very heat resistant. (rF++)
You are vulnerable to cold. (rC-)
You float through the air rather than walking.
You learn spells naturally, not from books.
Your magical power is your life essence.
You have superior vitality. (+4 HP)


Message History

Aim: an orc, wielding a +0 club and wearing a +0 ring mail (heavily wounded, 82% to hit)
The blast of sand hits the orc but does no damage.
The orc is heavily wounded.
The orc hits you with a +0 club.
Casting: Sandblast (safe; 3% risk of failure)
Confirm with . or Enter, or press ? or * to list all spells.
Aiming: Sandblast (safe; 3% risk of failure)
Press: ? - help, Shift-Dir - straight line, f/p - orc
Aim: an orc, wielding a +0 club and wearing a +0 ring mail (heavily wounded, 82% to hit)
The blast of sand misses the orc.
The orc closely misses you.
Casting: Sandblast (safe; 3% risk of failure)
Confirm with . or Enter, or press ? or * to list all spells.
Aiming: Sandblast (safe; 3% risk of failure)
Press: ? - help, Shift-Dir - straight line, f/p - orc
Aim: an orc, wielding a +0 club and wearing a +0 ring mail (heavily wounded, 82% to hit)
The blast of sand hits the orc but does no damage.
The orc is heavily wounded.
The orc priest invokes the aid of Beogh against you.
Beogh smites you!
* * * LOW HITPOINT WARNING * * *
The orc hits you with a +0 club.
* * * LOW HITPOINT WARNING * * *
Casting: Sandblast (safe; 3% risk of failure)
Confirm with . or Enter, or press ? or * to list all spells.
The spell is quite dangerous to cast (9% risk of failure)!
Continue anyway?
Okay, then.
Casting: Vampiric Draining (quite dangerous; 9% risk of failure)
Confirm with . or Enter, or press ? or * to list all spells.
The spell is quite dangerous to cast (9% risk of failure)!
Continue anyway?
Aiming: Vampiric Draining (quite dangerous; 9% risk of failure)
Press: ? - help, Shift-Dir - straight line, f/p - orc
Aim: an orc, wielding a +0 club and wearing a +0 ring mail (heavily wounded)
You draw life force from the orc!
You kill the orc!
You feel life coursing into your body.
* * * LOW HITPOINT WARNING * * *
The orc priest mumbles some strange prayers to Beogh against you.
Beogh smites you!
Ouch! That really hurt!
You die...

#.#.########.# ..
#......<.....#
###.###.###.##.......#
...............#######
.o...######.####
.o.o≈≈≈≈≈≈≈.# ##
.≈≈≈≈.....≈#.....#
o≈....⌠)⌠.≈.####..
..._...@.b≈##
.≈....⌠.⌠.≈#
.≈≈≈≈.....≈#
....≈≈≈≈≈≈≈#
############


You could see an orc priest, 3 orcs and a bat.

Vanquished Creatures
  A worm (D:2)
  2 orcs
  2 endoplasms
  A giant cockroach (D:2)
  3 goblins (D:2)
  5 hobgoblins
  2 jackals (D:1)
  A quokka (D:2)
  8 ball pythons
  7 frilled lizards
  5 kobolds
  7 rats
44 creatures vanquished.

Notes
Turn   | Place    | Note
-------+----------+-------------------------------------------
     0 | D:1      | freelancePsychic the Djinni Necromancer began the quest for
                  | the Orb.
     0 | D:1      | Reached XP level 1. HP: 15/15 MP: 0/0
   870 | D:1      | Reached XP level 2. HP: 17/22 MP: 0/0
  1800 | D:2      | Reached skill level 1 in Fighting
  2505 | D:2      | Reached XP level 3. HP: 21/27 MP: 0/0
  2505 | D:2      | Learned a level 1 spell: Sandblast
  3130 | D:2      | Found a faded altar of an unknown god.
  3281 | D:3      | Reached XP level 4. HP: 31/32 MP: 0/0
  3325 | D:3      | Found Gozag's Platinum Reserve.
  3330 | D:3      | Found an opulent altar of Gozag.
  3338 | D:3      | Killed from afar by an orc priest

Illustrated notes

Levels and vault maps discovered:
D:1:      evilmike_arrival_crescent, layout_basic, minmay_misc_feat_tower
D:2:      minmay_skewed_foursquare, layout_rooms, ebering_ecumenical_altar_webs
D:3:      layout_loops_ring, nemelex_dance_club_becter,
          lemuel_coloured_pillars_altar, nicolae_gozag_zags_fifth_avenue,
          nrook_mini_backslash, uniq_natasha, uniq_robin

Skill      XL: |  1  2 |
---------------+-------+-----
Fighting       | 1 |  1.6
Dodging        | |  2.1
Stealth        | |  1.5
Spellcasting   | |  3.9

Action                   |  1- 3 |  4- 6 || total
-------------------------+-------+-------++-------
 Cast: Pain              |    50 |       ||    50
       Sandblast         |    29 |     5 ||    34
       Vampiric Draining |     1 |     1 ||     2
  Use: Scroll            |     2 |       ||     2
Armor: Robe              |     2 |       ||     2
Dodge: Dodged            |     4 |     1 ||     5

Table legend: (Time is in decaauts)
 A = Elapsed time spent in this place.
 B = Non-inter-level travel time spent in this place.
 C = Inter-level travel time spent in this place.
 D = Time resting spent in this place.
 E = Time spent auto-exploring this place.
 F = Levels seen in this place.
 G = Mean time per level.
                   A        B        C        D        E       F      G
               +--------+--------+--------+--------+--------+-----+--------+
         Total |   3339 |   3189 |    150 |    295 |   2631 |   3 | 1113.0 |
       Dungeon |   3339 |   3189 |    150 |    295 |   2631 |   3 | 1113.0 |
               +--------+--------+--------+--------+--------+-----+--------+

Top non-repeatable levels by time:
     D:1: 2156 daAuts
     D:2: 1025 daAuts
     D:3: 157 daAuts
